 Dungeon Crawl Stone Soup version 0.21.0-3-g78d12a8bdd (webtiles) character file.

16027 Dupencja the Jinx (level 12, -3/83 HPs)
             Began as a Formicid Enchanter on Jan 8, 2018.
             Was a High Priest of Sif Muna.
             Killed from afar by a hell hog (31 damage)
             ... with a fireball
             ... on level 2 of the Abyss.
             The game lasted 00:51:47 (14333 turns).

Dupencja the Jinx (Formicid Enchanter)             Turns: 14333, Time: 00:51:48

Health: -3/83      AC:  5    Str: 18    XL:     12   Next: 65%
Magic:  4/26       EV: 15    Int: 18    God:    Sif Muna [*****.]
Gold:   649        SH:  4    Dex: 11    Spells: 27/31 levels left

rFire    . . .     SeeInvis +   a - +12 mace "Robuohuj" {venom, Int+3}
rCold    + . .     Gourm    .   y - +0 buckler
rNeg     . . .     Faith    .   o - +0 troll leather armour
rPois    .         Spirit   .   (helmet unavailable)
rElec    .         Reflect  .   f - +0 cloak
rCorr    .         Harm     .   (no gloves)
MR       +....                  (no boots)
Stlth    ++........             s - amulet of magic regeneration
HPRegen  0.63/turn              n - ring of protection from cold
MPRegen  0.45/turn              (no ring)

@: no status effects
A: permanent stasis, dig shafts and tunnels, four strong arms, antennae 3
a: Dig, Shaft Self, Divine Energy, Channel Magic, Forget Spell, Renounce
Religion


You were on level 2 of the Abyss.
You worshipped Sif Muna.
Sif Muna was extremely pleased with you.
You were not hungry.

You visited 3 branches of the dungeon, and saw 14 of its levels.
You visited the Abyss 1 time.

You collected 649 gold pieces.

Inventory:

Hand Weapons
 a - the +12 mace "Robuohuj" (weapon) {venom, Int+3}
   (You found it on level 6 of the Dungeon)

   It poisons the flesh of those it strikes.
   It affects your intelligence (+3).
 b - a +2 dagger of draining
Armour
 f - a +0 cloak (worn)
 i - a +0 shield
 o - a +0 troll leather armour (worn)
 p - a +2 ring mail of cold resistance
 u - a +3 leather armour
 y - a +0 buckler (worn)
 z - the +0 robe of Parlour Games {-Cast rCorr Str-4 Slay+5}
   (You found it on level 11 of the Dungeon)

   It affects your strength (-4).
   It affects your accuracy and damage with ranged weapons and melee attacks
   (+5).
   It prevents spellcasting.
   It protects you from acid and corrosion.
Jewellery
 n - a ring of protection from cold (left hand)
 s - an amulet of magic regeneration (around neck)
Wands
 t - a wand of disintegration (15)
 C - a wand of iceblast (5)
Scrolls
 c - a scroll of summoning {unknown}
 e - 9 scrolls of identify
 g - a scroll of fear {unknown}
 h - a scroll of enchant armour {unknown}
 k - 6 scrolls of magic mapping
 r - 3 scrolls of teleportation {unknown}
 v - 2 scrolls of immolation {unknown}
 w - 2 scrolls of enchant weapon {unknown}
 x - 8 scrolls of remove curse
Potions
 j - 2 potions of agility {unknown}
 l - 2 potions of flight {unknown}
 m - 2 potions of cancellation {unknown}
 q - a potion of ambrosia {unknown}
 B - a potion of curing
Books
 A - Sif Muna's Compendium of the Creative Birds
   (Sif Muna gifted it to you on level 11 of the Dungeon)

   Spells                             Type                      Level
   a - Call Imp                       Summoning                    2
   b - Summon Guardian Golem          Hexes/Summoning              3
   c - Airstrike                      Air                          4
   d - Summon Mana Viper              Hexes/Summoning              5
   e - Summon Forest                  Summoning/Translocation      5
Comestibles
 d - 24 rations


   Skills:
 - Level 4.0 Fighting
 - Level 1.0 Short Blades
 * Level 5.8 Maces & Flails
 - Level 3.2 Armour
 - Level 8.0 Dodging
 * Level 5.0 Stealth
 - Level 3.1 Shields
 - Level 10.0 Spellcasting
 * Level 14.5 Hexes


You had 27 spell levels left.
You knew the following spells:

 Your Spells              Type           Power        Failure   Level  Hunger
a - Corona                Hex            ######.      1%          1    None
b - Confuse               Hex            ######..     1%          3    None


Dungeon Overview and Level Annotations

Branches:
Dungeon (12/15)            Temple (1/1) D:5            Lair (1/6) D:9
    Orc (0/2) D:10

Altars:
Ashenzari
Cheibriados
Dithmenos
Elyvilon
Fedhas
Gozag
Hepliaklqana
Kikubaaqudgha
Makhleb
Nemelex Xobeh
Okawaru
Qazlal
Ru
Sif Muna
Trog
Uskayaw
Vehumet
Wu Jian
Xom
Yredelemnul
Zin
The Shining One

Shops:
D:10 (%

Annotations:
D:8 grerr's ghost, novice GrFi
D:12 Erolcha


Innate Abilities, Weirdness & Mutations

You cannot be hasted, slowed, berserked, paralysed or teleported.
You can dig through walls and to a lower floor.
Your four strong arms can wield two-handed weapons with a shield.
You have a pair of large antennae on your head. (SInv)


Message History

Press: ? - help, Shift-Dir - straight line, f/p - hell hog
Aim: a hell hog (catching its breath, chance to defeat MR: 59%)
The hell hog appears confused.
Casting: Confuse
Confirm with . or Enter, or press ? or * to list all spells.
Aiming: Confuse
Press: ? - help, Shift-Dir - straight line, f/p - hell hog
Aim: a hell hog (confused, chance to defeat MR: 59%)
The hell hog resists with significant effort.
The hell hog barely misses you.
Casting: Confuse
Confirm with . or Enter, or press ? or * to list all spells.
Aiming: Confuse
Press: ? - help, Shift-Dir - straight line, f/p - hell hog
Aim: a hell hog (confused, chance to defeat MR: 59%)
The hell hog resists with significant effort.
The hell hog breathes fire at you.
The fireball explodes!
The fireball engulfs you!
You die...

.. .. .. .. ..#
#.# ##.## #.##
...###...###...#
...#.....#...
...........
#.....# . #..@# #
.## ##h#####.###
..
..........{.......
#.
#..##..##..##..##
.##..##.. #..##..#
.# .. ... ...... .
...... .
................?.
. #.
#..##..##..##.{##
.# ..# ..# .##..
..#


You could see a hell hog.

Vanquished Creatures
  2 two-headed ogres (D:11)
  The ghost of sour the Grappler, a novice TrMo of Makhleb (D:7)
  An unseen horror (D:9)
  A deep elf mage (D:9)
  An ugly thing (D:11)
  A manticore (D:11)
  Joseph (D:9)
  A komodo dragon (D:9)
  3 gargoyles
  2 centaur skeletons
  A tengu conjurer (D:10)
  4 trolls
  2 hornets
  3 hippogriffs
  2 shadows (D:11)
  2 wraiths (D:11)
  18 yaks
  A wyvern (D:11)
  Eustachio (D:6)
  A hungry ghost (D:8)
  Edmund (D:6)
  An orc warrior (D:9)
  2 black bears
  A sky beast (D:11)
  2 phantoms (D:8)
  3 ice beasts
  3 wolves (Lair:1)
  A necrophage (D:7)
  9 ogres
  4 centaurs
  2 crocodiles
  9 big kobolds
  8 bullfrogs
  5 gnoll sergeants (D:10)
  A water moccasin zombie (D:8)
  2 scorpions
  9 killer bees
  2 howler monkeys
  4 crimson imps
  A bullfrog zombie (D:10)
  3 jellies
  Crazy Yiuf (D:6)
  A bullfrog skeleton (D:11)
  2 orc priests
  5 hounds
  9 orc wizards
  2 iguanas (D:10)
  6 worker ants
  3 worker ant zombies
  9 gnolls
  7 adders
  3 shadow imps
  2 adder zombies
  An adder skeleton (D:6)
  3 worms (D:2)
  3 dart slugs
  8 leopard geckos
  52 orcs
  3 giant cockroaches
  13 goblins
  8 hobgoblins
  6 jackals
  5 quokkas
  2 ball pythons
  4 bats
  A frilled lizard (D:1)
  21 kobolds
  6 rats
  21 plants
329 creatures vanquished.

Vanquished Creatures (collateral kills)
  A killer bee (D:6)
1 creature vanquished.

Vanquished Creatures (others)
  An orc (D:12)
  A plant (D:9)
2 creatures vanquished.

Grand Total: 332 creatures vanquished

Notes
Turn   | Place    | Note
-------+----------+-------------------------------------------
     0 | D:1      | Dupencja the Formicid Enchanter began the quest for the Orb.
     0 | D:1      | Reached XP level 1. HP: 13/13 MP: 3/3
   486 | D:1      | Reached skill level 1 in Fighting
   593 | D:1      | Reached XP level 2. HP: 18/21 MP: 3/5
  1132 | D:1      | Reached XP level 3. HP: 7/28 MP: 3/6
  1137 | D:1      | Learned a level 3 spell: Confuse
  2038 | D:2      | Found a basalt altar of Yredelemnul.
  2387 | D:2      | Reached XP level 4. HP: 31/35 MP: 5/7
  2981 | D:3      | Reached XP level 5. HP: 36/42 MP: 8/8
  3113 | D:3      | Found a white marble altar of Elyvilon.
  3324 | D:3      | Reached skill level 1 in Armour
  3613 | D:3      | Reached skill level 4 in Hexes
  3758 | D:3      | Found a deep blue altar of Sif Muna.
  3764 | D:3      | Became a worshipper of Sif Muna the Loreminder
  4251 | D:4      | Reached XP level 6. HP: 44/48 MP: 9/9
  4754 | D:4      | Found a sparkling altar of Nemelex Xobeh.
  4880 | D:5      | Entered Level 5 of the Dungeon
  4920 | D:5      | Reached skill level 5 in Stealth
  5293 | D:4      | Reached skill level 5 in Hexes
  5322 | D:5      | Reached XP level 7. HP: 43/54 MP: 7/10
  5451 | D:5      | Found a blossoming altar of Fedhas.
  5521 | D:5      | Reached skill level 6 in Hexes
  5715 | D:5      | Found a shimmering altar of Xom.
  5767 | D:5      | Found a faded altar of an unknown god.
  5769 | D:5      | Found a staircase to the Ecumenical Temple.
  5776 | Temple   | Entered the Ecumenical Temple
  6089 | D:6      | Reached skill level 7 in Hexes
  6223 | D:6      | Found a runed door.
  6394 | D:6      | Noticed Crazy Yiuf
  6410 | D:6      | Killed Crazy Yiuf
  6422 | D:6      | Got an iridescent mace
  6430 | D:6      | Identified the +12 mace "Robuohuj" {venom, Int+3} (You found it on level 6 of the Dungeon)
  6479 | D:6      | Reached skill level 8 in Hexes
  6479 | D:6      | Reached XP level 8. HP: 56/60 MP: 8/11
  6485 | D:6      | Reached * piety under Sif Muna
  6536 | D:6      | Noticed Eustachio
  6547 | D:6      | Killed Eustachio
  6547 | D:6      | Reached skill level 9 in Hexes
  6661 | D:6      | Noticed Edmund
  6684 | D:6      | Killed Edmund
  7054 | D:7      | Noticed sour's ghost (novice TrMo)
  7058 | D:7      | Noticed a hippogriff
  7066 | D:6      | HP: 3/60 [killer bee (1)]
  7069 | D:6      | HP: 1/60 [killer bee (3)]
  7710 | D:6      | Killed a hippogriff
  7710 | D:6      | Reached skill level 10 in Hexes
  7710 | D:6      | Reached XP level 9. HP: 65/65 MP: 13/15
  7808 | D:7      | Reached ** piety under Sif Muna
  7857 | D:7      | Reached skill level 5 in Spellcasting
  8183 | D:7      | Killed sour's ghost
  8183 | D:7      | Reached skill level 11 in Hexes
  8183 | D:7      | Reached XP level 10. HP: 54/71 MP: 14/19
  8458 | D:8      | Reached skill level 5 in Dodging
  8509 | D:8      | Found a glowing silver altar of Zin.
  8558 | D:8      | Got a creamy pearl robe
  8569 | D:8      | Identified the +3 robe "Qaabe" {rF+ Dex-5 SInv} (You found it on level 8 of the Dungeon)
  8856 | D:8      | Reached *** piety under Sif Muna
  8998 | D:8      | Found an ornate altar of the Wu Jian Council.
  9021 | D:8      | Found a stormy altar of Qazlal.
  9028 | D:8      | Found a hazy altar of Hepliaklqana.
  9318 | D:8      | Noticed grerr's ghost (novice GrFi)
  9409 | D:9      | Noticed a deep elf mage
  9419 | D:9      | Killed a deep elf mage
  9591 | D:9      | Reached skill level 12 in Hexes
  9641 | D:9      | Found a staircase to the Lair.
  9650 | D:9      | Noticed a komodo dragon
  9677 | D:9      | Killed a komodo dragon
  9952 | D:9      | Found a glowing golden altar of the Shining One.
 10149 | D:9      | Noticed Joseph
 10176 | D:9      | Killed Joseph
 10176 | D:9      | Reached XP level 11. HP: 69/77 MP: 22/22
 10238 | D:9      | Noticed an unseen horror
 10244 | D:9      | Killed an unseen horror
 10563 | Lair:1   | Entered Level 1 of the Lair of Beasts
 10576 | Lair:1   | Reached **** piety under Sif Muna
 10778 | D:10     | Entered Level 10 of the Dungeon
 11660 | D:9      | Reached skill level 13 in Hexes
 11962 | D:10     | Found Biti's Weapon Shop.
 12038 | D:10     | Found a staircase to the Orcish Mines.
 12072 | D:10     | Reached skill level 1 in Maces & Flails
 12450 | D:10     | Reached skill level 1 in Shields
 12646 | D:10     | Found Puiwkel's Food Shop.
 13074 | D:11     | Noticed a manticore
 13082 | D:11     | Noticed a two-headed ogre
 13084 | D:11     | Reached XP level 12. HP: 73/83 MP: 25/25
 13108 | D:11     | Killed a two-headed ogre
 13108 | D:11     | Reached ***** piety under Sif Muna
 13440 | D:11     | Reached skill level 10 in Spellcasting
 13447 | D:11     | Reached skill level 14 in Hexes
 13546 | D:11     | Got a bloodstained robe
 13557 | D:11     | Identified the +0 robe of Parlour Games {-Cast rCorr Str-4 Slay+5} (You found it on level 11 of the Dungeon)
 13598 | D:11     | Noticed a two-headed ogre
 13636 | D:11     | Killed a two-headed ogre
 13636 | D:11     | Identified Sif Muna's Compendium of the Creative Birds (Sif Muna gifted it to you on level 11 of the Dungeon)
 13636 | D:11     | Received a gift from Sif Muna
 13636 | D:11     | Reached skill level 5 in Maces & Flails
 14142 | D:12     | Noticed Erolcha
 14297 | D:12     | Cast into level 2 of the Abyss (Erolcha)
 14323 | Abyss:2  | Noticed a hell hog
 14324 | Abyss:2  | Noticed a hell hog
 14324 | Abyss:2  | Noticed a hell hog
 14333 | Abyss:2  | Killed from afar by a hell hog

Skill      XL: |  1  2  3  4  5  6  7  8  9 10 11 12 |
---------------+-------------------------------------+-----
Fighting       | 1 2 3 4 |  4.0
Dodging        | 2 3 4 6 8 |  8.0
Stealth        | 4 5 |  5.0
Armour         | 1 3 |  3.2
Hexes          | 4 5 8 10 11 12 13 14 | 14.5
Spellcasting   | 4 6 7 9 10 | 10.0
Maces & Flails | 2 5 |  5.8
Shields        | 2 3 |  3.1
Short Blades   | |  1.0

Action                   |  1- 3 |  4- 6 |  7- 9 | 10-12 || total
-------------------------+-------+-------+-------+-------++-------
Melee: Dagger            |   124 |   185 |    64 |       ||   373
       Spear             |       |     6 |     7 |       ||    13
       Mace              |       |       |   117 |   629 ||   746
 Cast: Corona            |    20 |    19 |    19 |    23 ||    81
       Confuse           |     2 |     4 |    46 |   176 ||   228
 Abil: Dig               |       |     3 |     7 |    16 ||    26
  Use: Potion            |       |       |     2 |       ||     2
       Scroll            |       |       |       |     2 ||     2
 Stab: Sleeping          |     2 |     1 |     1 |     3 ||     7
       Confused          |     3 |     1 |    10 |    41 ||    55
       Distracted        |       |       |       |     1 ||     1
  Eat: Chunk             |     5 |    11 |    16 |    29 ||    61
Armor: Robe              |    21 |       |       |       ||    21
       Ring mail         |       |    87 |    15 |    21 ||   123
       Leather armour    |       |       |    25 |    64 ||    89
Dodge: Dodged            |    69 |   114 |    97 |   325 ||   605
Block: Buckler           |       |       |       |    24 ||    24
